 Dungeon Crawl Stone Soup version 0.29.1-1-gd02db6906a (webtiles) character file.

Game seed: 14506783683846343172

1054 martho the Trooper (level 8, 0/79 HPs)
             Began as a Troll Berserker on Oct 4, 2022.
             Was an Elder of Trog.
             Slain by an acid dragon (5 damage)
             ... on level 6 of the Dungeon.
             The game lasted 00:34:41 (4811 turns).

martho the Trooper (Troll Berserker)                Turns: 4811, Time: 00:34:42

Health: 0/79       AC:  5    Str: 25 (26) XL:     8   Next: 5%
Magic:  7/7        EV: 10    Int:  3      God:    Trog [****..]
Gold:   207        SH:  0    Dex: 11      Spells: 7/7 levels left

rFire   . . .      SeeInvis .   d - +2 quarterstaff (chaos)
rCold   . . .      Faith    .   (shield currently unavailable)
rNeg    . . .      Spirit   .   u - +0 robe
rPois   .          Reflect  .   (helmet restricted)
rElec   .          Harm     .   r - +0 cloak
rCorr   .          Rampage  .   (gloves unavailable)
Will    .....                   (boots unavailable)
Stlth   +.........              h - amulet of regeneration
HPRegen 1.83/turn               (no ring)
MPRegen 0.10/turn               (no ring)

@: lethally poisoned (0 -> -3)
A: large, unfitting armour, claws 3, regeneration 1, shaggy fur 1, tough skin 1
a: Renounce Religion, Berserk, Trog's Hand, Brothers in Arms


You were on level 6 of the Dungeon.
You worshipped Trog.
Trog was greatly pleased with you.
You visited 1 branch of the dungeon, and saw 6 of its levels.

You collected 207 gold pieces.

Inventory:

Hand Weapons
 b - a +0 whip
 c - a +0 club
 d - a +2 quarterstaff of chaos (weapon)
 g - a +1 spectral club
 o - a +0 flail
 t - a +0 hammer
Missiles
 n - 3 poisoned darts (quivered)
Armour
 a - a +0 animal skin
 e - a +0 leather armour
 i - a +0 ring mail
 j - a +0 pair of gloves
 r - a +0 cloak (worn)
 u - a +0 robe (worn)
Jewellery
 h - an amulet of regeneration (around neck)
Wands
 l - a wand of paralysis (7)
Scrolls
 k - 3 scrolls of teleportation
 p - 2 scrolls of identify
 s - a scroll of silence {unknown}
 v - a scroll of enchant armour {unknown}
Potions
 f - 5 potions of curing {unknown}
 m - 2 potions of brilliance
 q - a potion of heal wounds


   Skills:
 + Level 4.5 Fighting
 + Level 4.4(4.9) Maces & Flails
 + Level 2.5(3.6) Staves
 + Level 1.8 Throwing
 + Level 4.0 Dodging
 + Level 0.9 Stealth
 + Level 3.5 Unarmed Combat


You had 7 spell levels left.
You didn't know any spells.
Your spell library contained the following spells:

 Spells                   Type           Power      Damage    Failure   Level
 Sandblast                Erth           0%         2d4       52%         1
 Passwall                 Tmut/Erth      0%         N/A       67%         2
 Stone Arrow              Conj/Erth      0%         3d7       88%         3


Dungeon Overview and Level Annotations

Branches:
Dungeon (6/15)             Temple (0/1) D:5

Altars:
Qazlal
Yredelemnul

Shops:
D:5 (

Annotations:
D:6 Dowan, Duvessa


Innate Abilities, Weirdness & Mutations

You are too large for most types of armour.
You have claws for hands.
Your natural rate of healing is unusually fast.
You are covered in fur. (AC +1)
You have tough skin. (AC +1)


Message History

Duvessa seems to speed up.
You closely miss the acid dragon.
A phantom comes into view.
The acid dragon bites you! The acid dragon claws you.
Duvessa hits you with a +4 short sword of venom.
You sock the bullfrog!
The bullfrog resists with some effort.
The bullfrog is heavily wounded.
Duvessa hits you but does no damage. The bullfrog barely misses you.
The acid dragon bites you! The acid dragon closely misses you.
Duvessa says, "When magic and the sword combine, nothing stands against them."
Duvessa hits you with a +4 short sword of venom.
The bullfrog hits you. The bullfrog closely misses you.
You hit the bullfrog.
The bullfrog seems to slow down.
You freeze the bullfrog.
The bullfrog is almost dead.
Duvessa hits you with a +4 short sword of venom.
The bullfrog hits you.
Dowan gestures wildly while chanting.
Dowan blinks!
Duvessa hits you with a +4 short sword of venom.
You thump the bullfrog!
You kill the bullfrog!
Trog accepts your kill. Duvessa hits you but does no damage.
You feel your dexterity returning.
You have reached level 8!
You hit the acid dragon but do no damage.
The acid dragon is poisoned.
The acid dragon closely misses you. x2
Duvessa barely misses you.
You closely miss the acid dragon.
Duvessa hits you with a +4 short sword of venom!
Dowan points at you and mumbles some strange words.
The puff of flame misses you. The acid dragon spits acid at you.
The splash of acid hits you!!
* * * LOW HITPOINT WARNING * * *
Duvessa hits you with a +4 short sword of venom!
* * * LOW HITPOINT WARNING * * *
You are poisoned.
The acid dragon closely misses you. The acid dragon claws you.
You die...

#...# ####...# .
#......###
.!W#........##
..........#..##
#.......# .#.
#####eW.#....
#.D...... #@e#.....
#..##.... #...##...
#.#..##.. #.##.##..
#####.##....#
#..#####..........#
#.....<...........#
#...................


You could see Duvessa (fast), an acid dragon (very poisoned, catching breath), a
phantom and Dowan.

Vanquished Creatures
  3 black bears (D:5)
  2 bullfrogs (D:6)
  A necrophage (D:5)
  A scorpion (D:3)
  2 jellies (D:4)
  Crazy Yiuf (D:4)
  3 orc priests (D:5)
  A hound (D:4)
  Ijyb (D:3)
  An iguana (D:4)
  3 orc wizards (D:5)
  Robin (D:3)
  8 adders
  An ufetubus (D:4)
  6 dart slugs
  5 orcs
  3 bats
  10 endoplasms
  A giant cockroach (D:2)
  21 goblins
  12 hobgoblins
  6 jackals
  3 quokkas
  8 ball pythons
  2 frilled lizards (D:2)
  7 kobolds
  7 rats
120 creatures vanquished.

Notes
Turn   | Place    | Note
-------+----------+-------------------------------------------
     0 | D:1      | martho the Troll Berserker began the quest for the Orb.
     0 | D:1      | Reached XP level 1. HP: 22/22 MP: 0/0
    81 | D:1      | Reached XP level 2. HP: 28/29 MP: 1/1
   639 | D:1      | Reached XP level 3. HP: 36/36 MP: 2/2
  1093 | D:2      | Found a faded altar of an unknown god.
  1128 | D:2      | Reached ** piety under Trog
  1474 | D:2      | Reached skill level 1 in Maces & Flails
  2012 | D:3      | Reached XP level 4. HP: 45/45 MP: 3/3
  2014 | D:3      | Noticed a scorpion
  2027 | D:3      | Killed a scorpion
  2029 | D:3      | HP: 1/45 [poisoned by a scorpion]
  2244 | D:3      | Noticed Robin
  2258 | D:3      | Reached XP level 5. HP: 53/53 MP: 4/4
  2324 | D:3      | Killed Robin
  2347 | D:3      | Reached *** piety under Trog
  2399 | D:3      | Found a stormy altar of Qazlal.
  2452 | D:3      | Found a basalt altar of Yredelemnul.
  2452 | D:3      | Noticed Ijyb
  2481 | D:3      | Killed Ijyb
  3083 | D:4      | Reached XP level 6. HP: 8/61 MP: 5/5
  3549 | D:4      | Reached **** piety under Trog
  3769 | D:4      | Found a runed translucent door.
  3770 | D:4      | Noticed Crazy Yiuf
  3793 | D:4      | Killed Crazy Yiuf
  3881 | D:5      | Entered Level 5 of the Dungeon
  3895 | D:5      | Found a staircase to the Ecumenical Temple.
  4086 | D:5      | Found Ganuoti's Antique Weapon Boutique.
  4126 | D:5      | Reached XP level 7. HP: 41/68 MP: 6/6
  4280 | D:5      | Reached skill level 1 in Staves
  4280 | D:5      | Reached skill level 1 in Throwing
  4799 | D:6      | Noticed Duvessa
  4801 | D:6      | Noticed Dowan
  4810 | D:6      | Reached XP level 8. HP: 36/79 MP: 7/7
  4811 | D:6      | Slain by an acid dragon

Illustrated notes

Levels and vault maps discovered:
D:1:      sevenhm_arrival_forest_fort_small_6, layout_loops_ring,
          amcnicky_mini_rare_corridor_liquid, amcnicky_mini_corridor_feature
D:2:      layout_basic, shapermc_ecumenical_altar_petra, minmay_statues_item,
          nicolae_kite_square_tiling_tiny
D:3:      layout_loops_ring, mainiacjoe_overflow_two_lobes, uniq_ijyb,
          uniq_robin
D:4:      layout_basic, minmay_goblin_outpost, uniq_crazy_yiuf_cottage
D:5:      wander_river, layout_basic, minmay_temple_entry_proselytizer,
          serial_shops, shop
D:6:      layout_rooms, serial_shops, kennysheep_little_box, uniq_duvessa,
          uniq_edmund

Skill      XL: |  1  2  3  4  5  6  7 |
---------------+----------------------+-----
Fighting       | 3 4 |  4.5
Maces & Flails | 1 2 3 4 |  4.4
Dodging        | 3 4 |  4.0
Staves         | 2 |  2.5
Throwing       | 1 |  1.8
Stealth        | |  0.9
Unarmed Combat | |  3.5

Action                   |  1- 3 |  4- 6 |  7- 9 || total
-------------------------+-------+-------+-------++-------
Melee: Whip              |   138 |   145 |       ||   283
       Unarmed           |     5 |       |       ||     5
       Punch             |     1 |     5 |       ||     6
       Club              |       |    31 |       ||    31
       Flail             |       |    69 |       ||    69
       Quarterstaff      |       |    14 |    61 ||    75
Throw: Stone             |       |    10 |       ||    10
       Dart              |       |     8 |       ||     8
  Use: Potion            |       |     4 |       ||     4
       Scroll            |       |     2 |       ||     2
 Stab: Sleeping          |     3 |     4 |       ||     7
Armor: Animal skin       |    57 |    80 |       ||   137
       Robe              |       |     9 |    30 ||    39
Dodge: Dodged            |    79 |   138 |    40 ||   257
